 Dungeon Crawl Stone Soup version 0.29.1-15-g9cfb28693d (webtiles) character file.

Game seed: 18295811613026694088

96 Alturiack the Shooter (level 4, -7/27 HPs)
             Began as a Gargoyle Hunter on Apr 10, 2023.
             Killed by divine providence
             ... invoked by an orc priest
              (10 damage)
             ... on level 3 of the Dungeon.
             The game lasted 00:07:53 (1884 turns).

Alturiack the Shooter (Gargoyle Hunter)             Turns: 1884, Time: 00:07:53

Health: -7/27      AC: 11    Str: 15    XL:     4   Next: 67%
Magic:  4/4        EV: 10    Int:  9    God:
Gold:   152        SH:  5    Dex: 21    Spells: 3/3 levels left

rFire   . . .      SeeInvis .   a - +0 shortbow
rCold   . . .      Faith    .   (shield currently unavailable)
rNeg    + . .      Spirit   .   t - +0 scale mail
rPois   ∞          Reflect  +   u - +0 helmet
rElec   +          Harm     .   (no cloak)
rCorr   .          Rampage  .   (no gloves)
Will    .....                   p - +0 pair of boots
Stlth   +.........              g - amulet of reflection
HPRegen 0.09/turn               h - +6 ring of dexterity
MPRegen 0.09/turn               (no ring)

@: no status effects
A: sickness immunity, AC +3, negative energy resistance 1, electricity
resistance, torment resistance 1, petrification resistance
a: no special abilities


You were on level 3 of the Dungeon.
You visited 1 branch of the dungeon, and saw 3 of its levels.

You collected 152 gold pieces.

Inventory:

Hand Weapons
 a - a +0 shortbow (weapon)
Armour
 p - a +0 pair of boots (worn)
 t - a +0 scale mail (worn)
 u - a +0 helmet (worn)
Jewellery
 g - an amulet of reflection (around neck)
 h - a +6 ring of dexterity (left hand)
Scrolls
 b - a scroll of immolation
 d - a scroll of teleportation {unknown}
 f - a scroll of blinking {unknown}
 k - 2 scrolls of enchant weapon {unknown}
 n - a scroll of torment {unknown}
 q - a scroll of identify {unknown}
 s - a scroll of vulnerability {unknown}
Potions
 c - a potion of heal wounds {unknown}
 e - 4 potions of curing {unknown}
 i - 2 potions of brilliance {unknown}
 j - a potion of attraction {unknown}
 l - a potion of mutation {unknown}
 m - 2 potions of might {unknown}
 o - a potion of magic {unknown}
 r - a potion of invisibility {unknown}


   Skills:
 * Level 2.9 Fighting
 * Level 5.1 Ranged Weapons
 - Level 1.0 Armour
 * Level 2.1 Dodging
 - Level 1.1 Stealth


You had 3 spell levels left.
You didn't know any spells.
Your spell library was empty.

Dungeon Overview and Level Annotations

Branches:
Dungeon (3/15)

Altars:
Xom


Innate Abilities, Weirdness & Mutations

You are immune to sickness and miasma.
Your stone body is resilient. (AC +3)
You are immune to poison.
You resist negative energy. (rN+)
You are resistant to electric shocks. (rElec)
You are resistant to unholy torment.
You are immune to petrification.


Message History

The adder barely misses you. The adder attacks as you move away!
The adder bites you but does no damage. The adder misses you.
The adder attacks as you move away! You block the adder's attack.
The orc priest hits you with a +0 flail.
The orc priest looks braver for a moment.
The orc attacks as you move away! The orc closely misses you.
The orc priest miscasts a cantrip.
The orc attacks as you move away! The orc hits you but does no damage.
The orc attacks as you move away! The orc closely misses you.
The orc priest looks encouraged for a moment.
The orc priest mumbles some strange prayers to Beogh against you.
Beogh smites you!
Ouch! That really hurt!
* * * LOW HITPOINT WARNING * * *
The orc priest calls down the wrath of Beogh upon you.
Pain shoots through your body!
* * * LOW HITPOINT WARNING * * *
The orc hits you but does no damage.
You see here a +0 club.
The adder closely misses you.
The orc priest begins to cast a cantrip, but forgets the words!
The adder bites you but does no damage.
Things that are here:
a +0 club; a goblin skeleton Fire: a) +0 shortbow
Press: ? - help, Q - select action Shift-Dir - straight line, f/p - orc priest
Aim: an orc priest, wielding a +0 flail and wearing a +0 scale mail (lightly wounded, 69% to hit)
You shoot an arrow. The arrow hits the orc.
The orc is almost dead.
The orc hits you but does no damage. You block the orc's attack.
Fire: a) +0 shortbow
Press: ? - help, Q - select action Shift-Dir - straight line, f/p - orc priest
Aim: an orc priest, wielding a +0 flail and wearing a +0 scale mail (lightly wounded, 69% to hit)
You shoot an arrow. The arrow hits the orc.
You kill the orc!
You block the adder's attack.
The orc priest calls down the wrath of Beogh upon you.
Beogh smites you!
You die...

########......#
#..w...#.#
#.^....#.#
#......#.#
#..o...#.#
###..###.# #..#
#.######
#.o###......#
#######oo.S@....#.#
......>)#######÷#.#
#######.##....#.#.#
#.##.##.#.#[#
##.##.#<.#.#.#
#...#.#..#)#.#
#...#.#..#)#.#
#...#.####.#.#
#...#.####.#.#


You could see 2 orc priests, an adder and an orc.

Vanquished Creatures
  Robin (D:3)
  An adder (D:3)
  A worm (D:2)
  2 dart slugs (D:1)
  5 orcs (D:3)
  4 ball pythons
  5 endoplasms
  2 giant cockroaches
  5 goblins (D:3)
  10 hobgoblins
  5 kobolds
  8 quokkas
  5 bats
  A frilled lizard (D:1)
  4 rats
59 creatures vanquished.

Notes
Turn   | Place    | Note
-------+----------+-------------------------------------------
     0 | D:1      | Alturiack the Gargoyle Hunter began the quest for the Orb.
     0 | D:1      | Reached XP level 1. HP: 12/12 MP: 1/1
    45 | D:1      | Reached XP level 2. HP: 15/17 MP: 2/2
   688 | D:1      | Reached XP level 3. HP: 21/21 MP: 3/3
   993 | D:2      | Found a shimmering altar of Xom.
  1087 | D:2      | Reached skill level 1 in Armour
  1251 | D:2      | Reached skill level 5 in Ranged Weapons
  1584 | D:3      | Reached XP level 4. HP: 27/27 MP: 4/4
  1589 | D:3      | Noticed Robin
  1616 | D:3      | Killed Robin
  1884 | D:3      | Killed from afar by an orc priest

Illustrated notes

Levels and vault maps discovered:
D:1:      wander_arrival_desolate, layout_basic
D:2:      layout_rooms, basic_altar
D:3:      layout_basic, minmay_misc_feat_cross, uniq_robin,
          uniq_crazy_yiuf_cottage

Skill      XL: |  1  2  3  4 |
---------------+-------------+-----
Armour         | 1 |  1.0
Ranged Weapons | 5 |  5.1
Dodging        | 2 |  2.1
Fighting       | |  2.9
Stealth        | |  1.1

Action                   |  1- 3 |  4- 6 || total
-------------------------+-------+-------++-------
 Fire: Shortbow          |   101 |    54 ||   155
Armor: Leather armour    |    11 |       ||    11
       Scale mail        |       |    29 ||    29
Dodge: Dodged            |    33 |    31 ||    64
Block: Other             |     2 |    17 ||    19
